 Dungeon Crawl Stone Soup version 0.27-a0-322-gb8f8a8f698 (webtiles) character file.

Game seed: 9349506858573456347

479 innerfire43 the Skirmisher (level 6, -2/52 HPs)
             Began as a Demonspawn Wanderer on Feb 10, 2021.
             Was a Follower of Okawaru.
             Slain by a gnoll sergeant
             ... wielding a +2 spear of distortion
              (3 damage)
             ... on level 5 of the Dungeon.
             The game lasted 00:08:53 (3785 turns).

innerfire43 the Skirmisher (Demonspawn Wanderer)    Turns: 3785, Time: 00:08:53

Health: -2/52      AC: 14    Str: 14    XL:     6   Next: 86%
Magic:  6/6        EV:  7    Int: 12    God:    Okawaru [*.....]
Gold:   300        SH:  8    Dex: 14    Spells: 5/5 levels left

rFire    . . .     SeeInvis .   v - +4 dagger (protect)
rCold    + . .     Faith    .   l - +0 kite shield
rNeg     + . .     Spirit   .   f - +0 pearl dragon scales
rPois    .         Reflect  .   (no helmet)
rElec    .         Harm     .   x - +0 cloak {Will+}
rCorr    .         Rampage  .   (no gloves)
Will     +....                  (no boots)
Stlth    ..........             (no amulet)
HPRegen  0.17/turn              q - ring of protection from cold
MPRegen  0.10/turn              (no ring)

@: mighty
A: molten scales 1, demonic guardian 1, spiny 2
a: Renounce Religion, Heroism


You were on level 5 of the Dungeon.
You worshipped Okawaru.
Okawaru was aware of your devotion.
You visited 1 branch of the dungeon, and saw 5 of its levels.

You collected 300 gold pieces.

Inventory:

Hand Weapons
 a - a +0 dagger
 v - a +4 dagger of protection (weapon)
 y - a +3 quarterstaff of chaos
Missiles
 b - 3 throwing nets (quivered)
 u - 6 poisoned darts
Armour
 e - a +0 leather armour
 f - +0 pearl dragon scales (worn)
 l - a +0 kite shield (worn)
 o - a +0 cloak
 x - a +0 cloak of willpower (worn)
Jewellery
 q - a ring of protection from cold (left hand)
Wands
 s - a wand of acid (7)
Scrolls
 g - a scroll of teleportation {unknown}
 h - 3 scrolls of amnesia
 p - 2 scrolls of immolation
Potions
 d - a potion of lignification
 i - 2 potions of flight
 j - a potion of berserk rage {unknown}
 k - a potion of degeneration {unknown}
 m - a potion of resistance {unknown}
 n - a potion of mutation {unknown}
 r - a potion of might
 t - a potion of ambrosia {unknown}
 w - a potion of attraction {unknown}


   Skills:
 + Level 6.0 Fighting
 + Level 2.7 Short Blades
 + Level 1.0 Throwing
 + Level 2.9 Armour
 + Level 3.0 Dodging
 + Level 0.4 Stealth
 + Level 2.6 Shields
 + Level 1.0 Unarmed Combat


You had 5 spell levels left.
You didn't know any spells.
Your spell library contained the following spells:

 Spells                   Type           Power        Failure   Level
 Summon Small Mammal      Summ           0%           100%        1
 Call Imp                 Summ           0%           100%        2
 Call Canine Familiar     Summ           0%           100%        3
 Summon Guardian Golem    Hex/Summ       0%           100%        3
 Summon Ice Beast         Ice/Summ       0%           100%        4
 Summon Lightning Spire   Summ/Air       0%           100%        4


Dungeon Overview and Level Annotations

Branches:
Dungeon (5/15)
 Temple: D:4-7

Altars:
Ashenzari
Dithmenos
Elyvilon
Hepliaklqana
Kikubaaqudgha
Nemelex Xobeh
Okawaru
Qazlal
Ru
Sif Muna
The Shining One


Innate Abilities, Weirdness & Mutations

You are partially covered in molten scales. (AC +2)
A weak demonic guardian rushes to your aid.
You are mostly covered in sharp spines.


Message History

Your Fighting skill increases to level 6!
You feel better. You block the gnoll sergeant's attack.
You hit the gnoll sergeant.
The gnoll sergeant is moderately wounded.
The gnoll sergeant barely misses you.
You hit the gnoll sergeant.
The gnoll sergeant is heavily wounded.
You block the gnoll sergeant's attack.
You hit the gnoll sergeant.
The gnoll sergeant is heavily wounded.
The gnoll sergeant hits you but does no damage.
Space bends around you.
You hit the gnoll sergeant.
The gnoll sergeant is severely wounded.
You block the gnoll sergeant's attack.
You hit the gnoll sergeant.
The gnoll sergeant is almost dead.
You block the gnoll sergeant's attack.
You hit the gnoll sergeant.
The gnoll sergeant is almost dead.
The gnoll sergeant hits you but does no damage.
You blink.
The gnoll sergeant hits you but does no damage.
The gnoll sergeant hits you but does no damage.
Space bends around you.
* * * LOW HITPOINT WARNING * * *
The gnoll sergeant is struck by your spines.
The gnoll sergeant hits you with a +2 spear of distortion.
* * * LOW HITPOINT WARNING * * *
Space bends around you!
* * * LOW HITPOINT WARNING * * *
A demonic guardian appears!
Things that are here:
a +0 flail; a gnoll corpse You barely miss the gnoll sergeant.
The gnoll sergeant is almost dead.
The gnoll sergeant hits you with a +2 spear of distortion!
* * * LOW HITPOINT WARNING * * *
Space bends around you.
You die...

##.###....)<..#
#.......)###..#
##>.#####.......#
#########...#
#####.....
#.......(..##
#....#..
#.########.#
#......$ ##...#
####.....###
#..######..........#
#.###@....#
#..5)g####..#
........##### #
####....# #.#### ...
..# ..# #.


You could see a gnoll sergeant and a friendly iron imp (summoned).

Vanquished Creatures
  A scorpion (D:4)
  A howler monkey (D:4)
  An orc priest (D:5)
  Crazy Yiuf (D:4)
  An iguana (D:5)
  3 worker ants (D:4)
  Robin (D:4)
  5 adders
  6 gnolls
  A shadow imp (D:5)
  A white imp (D:5)
  An ooze (D:1)
  An adder zombie (D:5)
  An adder skeleton (D:4)
  3 dart slugs
  2 leopard geckos
  8 orcs
  2 ball pythons (D:3)
  4 bats
  4 giant cockroaches
  14 goblins
  14 hobgoblins
  7 jackals
  6 kobolds
  A quokka (D:3)
  3 frilled lizards
  3 rats
96 creatures vanquished.

Notes
Turn   | Place    | Note
-------+----------+-------------------------------------------
     0 | D:1      | innerfire43 the Demonspawn Wanderer began the quest for the
                  | Orb.
     0 | D:1      | innerfire43 set off with the following items: a +0 dagger,
                  | 3 throwing nets, a potion of curing, a potion of
                  | lignification, a +0 leather armour
     0 | D:1      | Reached XP level 1. HP: 21/21 MP: 1/1
   255 | D:1      | Gained mutation: You are partially covered in sharp spines.
                  | [demonic ancestry]
   255 | D:1      | Reached XP level 2. HP: 21/27 MP: 2/2
   986 | D:2      | Gained mutation: A weak demonic guardian rushes to your
                  | aid. [demonic ancestry]
   986 | D:2      | Reached XP level 3. HP: 34/34 MP: 3/3
  1073 | D:2      | Found an iron altar of Okawaru.
  1141 | D:2      | Found an ancient bone altar of Kikubaaqudgha.
  1243 | D:2      | Became a worshipper of Warmaster Okawaru
  1362 | D:2      | Reached skill level 1 in Short Blades
  1572 | D:3      | Gained mutation: You are partially covered in molten
                  | scales. (AC +2) [demonic ancestry]
  1572 | D:3      | Reached XP level 4. HP: 40/40 MP: 4/4
  1692 | D:3      | Found a faded altar of an unknown god.
  1735 | D:3      | Reached skill level 1 in Armour
  2272 | D:3      | Reached XP level 5. HP: 46/46 MP: 5/5
  2403 | D:4      | Found a hazy altar of Hepliaklqana.
  2405 | D:4      | Found a sacrificial altar of Ru.
  2408 | D:4      | Found a shadowy altar of Dithmenos.
  2408 | D:4      | Found a glowing golden altar of the Shining One.
  2410 | D:4      | Found a stormy altar of Qazlal.
  2575 | D:4      | Found a broken altar of Ashenzari.
  2801 | D:4      | Found a white marble altar of Elyvilon.
  2812 | D:4      | Gained mutation: You are mostly covered in sharp spines.
                  | [demonic ancestry]
  2812 | D:4      | Reached XP level 6. HP: 29/52 MP: 6/6
  3119 | D:4      | Noticed Robin
  3150 | D:4      | Killed Robin
  3201 | D:4      | Found a shimmering blue altar of Sif Muna.
  3345 | D:4      | Found a sparkling altar of Nemelex Xobeh.
  3376 | D:4      | Found a runed translucent door.
  3377 | D:4      | Noticed Crazy Yiuf
  3528 | D:4      | Killed Crazy Yiuf
  3627 | D:5      | Entered Level 5 of the Dungeon
  3649 | D:5      | Reached * piety under Okawaru
  3775 | D:5      | Reached skill level 6 in Fighting
  3785 | D:5      | HP: 1/52 [gnoll sergeant/+2 spear of distortion (7)]
  3785 | D:5      | Slain by a gnoll sergeant

Illustrated notes

Levels and vault maps discovered:
D:1:      matt_arrival_grand_opening, layout_basic
D:2:      layout_rooms, old_standard_altar, old_standard_altar
D:3:      layout_loops_ring, chequers_ecumenical_altar_simple_redux,
          grunt_decor_arrowhead
D:4:      layout_rooms, nemelex_xobeh_ov_fountains_minmay,
          grunt_temple_overflow_open, lemuel_round_altar,
          nicolae_ashenzari_panopticon, led_sif_pool, skrybe_limestone_x,
          minmay_misc_feat_secret_circle, hangedman_decor_opposing,
          uniq_crazy_yiuf_cottage, uniq_robin
D:5:      layout_rooms, enter_ossuary_4

Skill      XL: |  1  2  3  4  5  6 |
---------------+-------------------+-----
Dodging        | 2 3 |  3.0
Short Blades   | 1 2 |  2.7
Armour         | 1 2 |  2.9
Shields        | 2 |  2.6
Fighting       | 6 |  6.0
Throwing       | |  1.0
Stealth        | |  0.4
Unarmed Combat | |  1.0

Action                   |  1- 3 |  4- 6 || total
-------------------------+-------+-------++-------
Melee: Dagger            |   118 |   246 ||   364
  Use: Scroll            |       |     7 ||     7
       Potion            |       |     3 ||     3
Armor: Leather armour    |     8 |       ||     8
       Pearl dragon scal |    48 |   136 ||   184
Dodge: Dodged            |    55 |    63 ||   118
Block: Kite shield       |    20 |   105 ||   125

Table legend: (Time is in decaauts)
 A = Elapsed time spent in this place.
 B = Non-inter-level travel time spent in this place.
 C = Inter-level travel time spent in this place.
 D = Time resting spent in this place.
 E = Time spent auto-exploring this place.
 F = Levels seen in this place.
 G = Mean time per level.
                   A        B        C        D        E       F      G
               +--------+--------+--------+--------+--------+-----+--------+
         Total |   3835 |   3702 |    133 |      0 |   2913 |   5 |  767.0 |
       Dungeon |   3835 |   3702 |    133 |      0 |   2913 |   5 |  767.0 |
               +--------+--------+--------+--------+--------+-----+--------+

Top non-repeatable levels by time:
     D:4: 1247 daAuts
     D:1: 980 daAuts
     D:3: 953 daAuts
     D:2: 492 daAuts
     D:5: 162 daAuts
